 Dungeon Crawl Stone Soup version 0.18.1-1-g2f07953 (webtiles) character file.

21 imoen the Sneak (level 2, -1/13 HPs)
             Began as a Spriggan Enchanter on May 7, 2016.
             Slain by a jackal (2 damage)
             ... on level 2 of the Dungeon.
             The game lasted 00:08:44 (601 turns).

imoen the Sneak (Spriggan Enchanter)                 Turns: 601, Time: 00:08:45

Health: -1/13      AC:  4    Str:  4    XL:     2   Next: 62%
Magic:  5/6        EV: 18    Int: 16    God:
Gold:   44         SH:  0    Dex: 16    Spells: 1 memorised, 5 levels left

rFire  + . .     SeeInvis +     a - +1 dagger
rCold  + . .     Gourm    .     b - +1 robe
rNeg   . . .     Faith    .     (shield restricted)
rPois  +         Spirit   .     (helmet restricted)
rElec  +         Dismiss  .     (no cloak)
rCorr  +         Reflect  .     (gloves unavailable)
SustAt .         Harm     .     (boots unavailable)
MR     .....                    (no amulet)
Stlth  +++.......               (no ring)
                                (no ring)

@: resistant, very quick, not resistant to hostile enchantments, fairly stealthy
A: unfitting armour, icy blue scales 1, see invisible, herbivore 3, speed 3,
slow metabolism 2
a: no special abilities


You were on level 2 of the Dungeon.
You were not hungry.

You visited 1 branch of the dungeon, and saw 2 of its levels.

You collected 44 gold pieces.

Inventory:

Hand Weapons
 a - a +1 dagger (weapon)
Armour
 b - a +1 robe (worn)
Scrolls
 g - a scroll of teleportation {unknown}
 i - a scroll of fear {unknown}
 k - a scroll of immolation {unknown}
Books
 c - a book of Maledictions
Comestibles
 d - a bread ration
 h - 2 fruits
 j - a royal jelly


   Skills:
 + Level 2.9 Short Blades
 - Level 3.0 Dodging
 - Level 4.4 Stealth
 - Level 2.6 Spellcasting
 - Level 3.6 Hexes


You had 5 spell levels left.
You knew the following spells:

 Your Spells              Type           Power        Failure   Level  Hunger
a - Corona                Hex            ##.....      6%          1    #......


Dungeon Overview and Level Annotations

Branches:
Dungeon (2/15)

Altars:

Annotations:
D:2 Terence


Innate Abilities, Weirdness & Mutations

You are tiny and cannot use many weapons and most armour.
You have supernaturally acute eyesight.
You are a herbivore.
You cover ground extremely quickly.
You need consume almost no food.
You are partially covered in icy blue scales (AC +1).


Message History

The jackal barks!
You hit the jackal but do no damage. The jackal bites you.
Terence the Incautious comes into view.
He is wielding a flail.
You take 1 damage, and have 12/13 hp.
The jackal barely misses you.
There is a stone staircase leading up here.
The bat closely misses you. The bat completely misses you.
The bat barely misses you. The bat closely misses you.
The bat hits you but does no damage.
Aim: a bat (chance to defeat MR: 83%)
The bat is outlined in light.
The bat closely misses you.
You now have 5/6 mp.
The bat closely misses you.
You barely miss the jackal. The bat closely misses you. The jackal misses you.
The bat closely misses you.
You hit the bat but do no damage. The bat closely misses you. The bat hits you.
You take 1 damage, and have 11/13 hp.
You completely miss the bat. The bat hits you.
You take 1 damage, and have 10/13 hp.
You hit the bat. The bat barely misses you.
The bat hits you but does no damage.
You hit the bat but do no damage. The bat completely misses you.
The bat barely misses you.
A jackal comes into view.
You barely miss the bat. The bat barely misses you.
The jackal barks!
Aim: a jackal (chance to defeat MR: 83%)
The jackal barely resists.
The bat barely misses you. The jackal closely misses you.
You now have 4/6 mp.
You closely miss the jackal. The jackal barely misses you.
The jackal closely misses you. The jackal bites you.
You take 1 damage, and have 10/13 hp.
Unknown command.
You hit the jackal but do no damage. The jackal completely misses you.
The jackal closely misses you.
Unknown command.
You hit the jackal. The jackal barely misses you. The jackal bites you.
* * * LOW HITPOINT WARNING * * *
A jackal comes into view.
You take 3 damage, and have 7/13 hp.
MASSIVE DAMAGE!!
Read which item? (? for menu, Esc to quit)
Okay, then.
Drink which item? (? for menu, Esc to quit)
Okay, then.
You closely miss the jackal.
The jackal barks!
The jackal barely misses you.
The jackal bites you but does no damage.
You hit the jackal.
You kill the jackal!
The jackal completely misses you. The jackal barely misses you.
You barely miss the jackal.
The bat stops glowing.
The jackal barely misses you. x2
You barely miss the jackal. The jackal closely misses you.
The jackal bites you but does no damage.
You hit the jackal but do no damage. The jackal misses you.
The jackal bites you.
* * * LOW HITPOINT WARNING * * *
You take 3 damage, and have 4/13 hp.
MASSIVE DAMAGE!!
You hit the jackal but do no damage.
The jackal bites you but does no damage.
The jackal misses you. The jackal completely misses you.
Unknown command.
Drink which item? (? for menu, Esc to quit)
It was a potion of beneficial mutation.
Icy blue scales grow over part of your body.
You feel fantastic!
The jackal bites you but does no damage.
The jackal closely misses you. x2
Unknown command.
Drink which item? (? for menu, Esc to quit)
It was a potion of resistance.
You feel protected.
The jackal bites you but does no damage. x2
Aim: a jackal (chance to defeat MR: 83%)
The jackal is outlined in light.
The jackal misses you. The jackal barely misses you. The jackal misses you.
The jackal closely misses you.
You now have 4/6 mp.
Unknown command.
You hit the jackal. The jackal misses you. x2
You hit the jackal but do no damage. The jackal bites you.
* * * LOW HITPOINT WARNING * * *
The jackal closely misses you.
You take 2 damage, and have 2/13 hp.
Unknown command.
You hit the jackal. The jackal bites you.
* * * LOW HITPOINT WARNING * * *
The jackal closely misses you.
You take 1 damage, and have 1/13 hp.
Unknown command.
You hit the jackal.
You kill the jackal!
The jackal misses you. The jackal bites you.
You die...

............# ###
##.#....<.### ...
#......#..#### ....
#............# .....
#.......##...# #.....
#.......####.###......
#..........$.@hb......
........######h##....
##.... #@# . #.. #.#
... ..... ..##(.> ...
#### !... ....


You could see Terence, 2 jackals and a bat.

Vanquished Creatures
  A dart slug (D:1)
  A hobgoblin (D:1)
  4 jackals
  A bat (D:1)
  A kobold (D:1)
  14 rats (D:1)
22 creatures vanquished.

Notes
Turn   | Place    | Note
--------------------------------------------------------------
     0 | D:1      | imoen the Spriggan Enchanter began the quest for the Orb.
     0 | D:1      | Reached XP level 1. HP: 9/9 MP: 5/5
   136 | D:1      | Reached skill level 2 in Short Blades
   274 | D:1      | Reached XP level 2. HP: 7/13 MP: 4/6
   568 | D:2      | Noticed Terence
   595 | D:2      | Gained mutation: You are partially covered in icy blue scales (AC +1). [potion of beneficial mutation]
   599 | D:2      | HP: 2/13 [jackal (2)]
   601 | D:2      | Slain by a jackal

Skill      XL: |  1 |
---------------+----+-----
Short Blades   | 2 |  2.9
Dodging        | |  3.0
Stealth        | |  4.4
Spellcasting   | |  2.6
Hexes          | |  3.6

Action                   || total
-------------------------++-------
Melee: Dagger            ||    90
 Cast: Corona            ||     7
  Use: Potion            ||     2
 Stab: Sleeping          ||     3
Armor: Robe              ||    12
Dodge: Dodged            ||    79

Vault maps used:
D:1:      erik_arrival_orb_chamber
D:2:      tgw_kikubaaqudgha, uniq_crazy_yiuf_cottage, uniq_jessica, uniq_iyjb,
          uniq_terence

Table legend:
 A = Turns spent in this place as a percentage of turns spent in the entire game.
 B = Non-inter-level travel turns spent in this place as a percentage of non-inter-level travel turns spent in the entire game.
 C = Inter-level travel turns spent in this place as a percentage of turns spent in this place.
 D = Turns resting spent in this place as a percentage of non-inter-level travel turns spent in this place.
 E = Turns spent auto-exploring this place as a percentage of non-inter-level travel turns spent in this place.
 F = Non-inter-level travel turns spent in this place divided by the number of levels of this place that you've seen.
                   A       B       C       D       E      F
               +-------+-------+-------+-------+-------+----------------------
         Total | 100.0 | 100.0 |   0.3 |   0.0 |   2.1 | 194.5
       Dungeon | 100.0 | 100.0 |   0.3 |   0.0 |   2.1 | 194.5
               +-------+-------+-------+-------+-------+----------------------

Table legend:
 A = Kills in this place as a percentage of kills in entire the game.
 B = Kills by you in this place as a percentage of kills by you in the entire game.
 C = Kills by friends in this place as a percentage of kills by friends in the entire game.
 D = Other kills in this place as a percentage of other kills in the entire game.
 E = Experience gained in this place as a percentage of experience gained in the entire game.
 F = Experience gained in this place divided by the number of levels of this place that you have seen.
                   A       B       C       D       E      F
               +-------+-------+-------+-------+-------+----------------------
         Total | 100.0 | 100.0 |  -nan |  -nan | 100.0 |  15.0
       Dungeon | 100.0 | 100.0 |  -nan |  -nan | 100.0 |  15.0
               +-------+-------+-------+-------+-------+----------------------
